 Dungeon Sprint DCSS version 0.30.0-29-ga12c61a403 (webtiles) character file.

Game seed: 5315592259486377963

9700000 Revguard the Blood Saint (level 27, -1/249 HPs)
             Began as a Demonspawn Gladiator on June 7, 2023.
             Was the Champion of Makhleb.
             Killed by divine providence
             ... invoked by an observer
              (13 damage)
             ... in the Dungeon (Sprint VIII: "Arena of Blood").
             The game lasted 00:12:46 (97 turns).

Revguard the Blood Saint (Demonspawn Gladiator)       Turns: 97, Time: 00:12:46

Health: -1/249     AC:  6    Str: 17    XL:     27
Magic:  27/54      EV: 40    Int:  9    God:    Makhleb [******]
Gold:   0          SH:  0    Dex: 27    Spells: 80/80 levels left

rFire   . . .        l - +∞ Axe of Woe
rCold   . . .        (shield currently unavailable)
rNeg    . . .        b - +0 leather armour
rPois   .            (helmet unavailable)
rElec   .            (no cloak)
rCorr   .            (no gloves)
SInv    +            (no boots)
Will    ++...        (no amulet)
Stlth   ++++++++++   (no ring)
HPRegen 10.61/turn   (no ring)
MPRegen 0.34/turn

%: no teleportation
@: slowed, very slow
A: antennae 3, powered by death 3, augmentation 3, sturdy frame 3, demonic magic
3
a: Renounce Religion, Minor Destruction, Lesser Servant of Makhleb, Major
Destruction, Greater Servant of Makhleb


You were in the Dungeon.
You worshipped Makhleb.
Makhleb was exalted by your worship.
You visited 1 branch

Inventory:

Hand Weapons
 a - a +0 war axe
 l - the +∞ Axe of Woe (weapon)
   (You found it in the Dungeon)
Missiles
 d - 3 throwing nets (quivered)
 e - a javelin
Armour
 b - a +0 leather armour (worn)
 c - a +0 helmet
Scrolls
 k - a scroll of blinking
Potions
 f - a potion of curing
 g - a potion of heal wounds
 h - a potion of haste
 i - 2 potions of magic
 j - a potion of berserk rage


   Skills:
 O Level 27 Fighting
 O Level 27 Short Blades
 O Level 27 Long Blades
 O Level 27 Axes
 O Level 27 Maces & Flails
 O Level 27 Polearms
 O Level 27 Staves
 O Level 27 Ranged Weapons
 O Level 27 Throwing
 O Level 27 Armour
 O Level 27 Dodging
 O Level 27 Stealth
 O Level 27 Shields
 O Level 27 Unarmed Combat
 O Level 27 Spellcasting
 O Level 27 Conjurations
 O Level 27 Hexes
 O Level 27 Summonings
 O Level 27 Necromancy
 O Level 27 Translocations
 O Level 27 Transmutations
 O Level 27 Fire Magic
 O Level 27 Ice Magic
 O Level 27 Air Magic
 O Level 27 Earth Magic
 O Level 27 Poison Magic
 O Level 27 Invocations
 O Level 27 Evocations


You had 80 spell levels left.
You didn't know any spells.
Your spell library was empty.

Dungeon Overview and Level Annotations

Branches:
Dungeon (1/1)

Altars:
Makhleb


Innate Abilities, Weirdness & Mutations

You have a pair of large antennae on your head. (SInv)
You regenerate a lot of health from kills.
Your magical and physical power is greatly enhanced at high health.
Your movements are significantly less encumbered by armour. (ER -6)
Spells you cast and wands you use may paralyse nearby enemies.


Message History

You hear a shout!
The dread calls on the powers of darkness!
The observer convulses! x2; The bag of meat convulses!
Your body is wracked with pain!
* * * LOW HITPOINT WARNING * * *
The bag of meat convulses!
The observer convulses!
The observer turns its gaze towards you.
The meat berserker convulses!
A bag of meat comes into view. It is wielding a +9 war axe.
You hear a shout! x3
The bag of meat shouts!
You slice the bag of meat!!
You butcher the bag of meat messily.
You blow up the bag of meat!
Makhleb accepts your kill.
You feel better.
You hear a shout! x3
The observer gazes at you. Something smites you!
* * * LOW HITPOINT WARNING * * *
The observer gazes at you. Something smites you!
* * * LOW HITPOINT WARNING * * *
The accursed casts a spell at you. Something smites you!
* * * LOW HITPOINT WARNING * * *
You hear a shout!
The tyrant mumbles some strange words.
The tyrant seems to speed up.
You hear a shout!
Your green death is engulfed in blazing flames.
Your green death hits the tyrant.
The destroyer points at you and mumbles some strange words.
The destroyer blinks!
The eight-headed meat hydra calls on the powers of darkness!
The eight-headed meat hydra convulses!
Your body is wracked with pain!
* * * LOW HITPOINT WARNING * * *
You hear a shout!
The observer gazes at you. Something smites you!
You die...

.. .. #G. ..#
#.. ..# .###○.
..###.
.o.○○☼###.M....
...○○W.○GG.{...
...{#°..°°#....
. #o.°§§# .
....#..)@)#....
......)_2OzoW...
......###LX.V..V
.###.. XX.###.§
{#.. ..# D {#{.
..# {{ ... o.
....


You could see an accursed, a tentacled monstrosity (summoned), a tyrant (fast,
ally target), an eight-headed meat hydra, 2 destroyers, 3 observers, a sculptor
of flesh, a large abomination (summoned, wandering), 2 dreads, a meat berserker
(berserk), 3 bags of meat and a friendly green death (summoned).

Vanquished Creatures
  6 hell beasts (D)
  3 royal mummies (D)
  A great orb of eyes (D)
  9 vampire knights (D)
  37 ogres (D)
  4 two-headed ogres (D)
  2 liches (D)
  A hydra (D)
  2 phantoms (D)
  59 orcs (D)
  6 skeletal warriors (D)
130 creatures vanquished.

Notes
Turn   | Place    | Note
-------+----------+-------------------------------------------
     0 | D        | Found the +∞ Axe of Woe
     0 | D        | Revguard the Demonspawn Gladiator began the quest for the
                  | Orb.
     0 | D        | Reached XP level 1. HP: 16/16 MP: 1/1
     2 | D        | Noticed a bag of meat
     2 | D        | Noticed a bag of meat
     2 | D        | Noticed a bag of meat
     3 | D        | Noticed a bag of meat
     3 | D        | Noticed a bag of meat
     4 | D        | Noticed a bag of meat
     5 | D        | Killed a bag of meat
     5 | D        | Noticed a bag of meat
     6 | D        | Reached skill level 10 in Fighting
     6 | D        | Reached skill level 10 in Evocations
     6 | D        | Gained mutation: You have a pair of small antennae on your
                  | head. [demonic ancestry]
     6 | D        | Reached XP level 2. HP: 36/36 MP: 1/12
     6 | D        | Gained mutation: Spells you cast may paralyse adjacent
                  | enemies. [demonic ancestry]
     6 | D        | Reached XP level 3. HP: 42/42 MP: 1/13
     6 | D        | Reached XP level 4. HP: 48/48 MP: 1/15
     6 | D        | Gained mutation: Your movements are slightly less
                  | encumbered by armour. (ER -2) [demonic ancestry]
     6 | D        | Reached XP level 5. HP: 54/54 MP: 1/16
     6 | D        | Gained mutation: You have a pair of antennae on your head.
                  | [demonic ancestry]
     6 | D        | Reached XP level 6. HP: 61/61 MP: 1/18
     6 | D        | Gained mutation: Your movements are less encumbered by
                  | armour. (ER -4) [demonic ancestry]
     6 | D        | Reached XP level 7. HP: 67/67 MP: 1/19
     6 | D        | Gained mutation: Your movements are significantly less
                  | encumbered by armour. (ER -6) [demonic ancestry]
     6 | D        | Reached XP level 8. HP: 73/73 MP: 1/21
     6 | D        | Reached XP level 9. HP: 79/79 MP: 1/22
     6 | D        | Gained mutation: You have a pair of large antennae on your
                  | head. (SInv) [demonic ancestry]
     6 | D        | Reached XP level 10. HP: 86/86 MP: 1/23
     8 | D        | Became a worshipper of Makhleb the Destroyer
     9 | D        | Killed a bag of meat
     9 | D        | Noticed a meat berserker
    10 | D        | Reached skill level 10 in Armour
    10 | D        | Reached skill level 10 in Spellcasting
    10 | D        | Gained mutation: You regenerate a little health from kills.
                  | [demonic ancestry]
    10 | D        | Reached XP level 11. HP: 26/95 MP: 1/25
    10 | D        | Killed a bag of meat
    10 | D        | Reached * piety under Makhleb
    10 | D        | Killed a bag of meat
    10 | D        | Killed a bag of meat
    10 | D        | Noticed a bag of meat
    11 | D        | Gained mutation: You regenerate health from kills. [demonic
                  | ancestry]
    11 | D        | Reached XP level 12. HP: 60/108 MP: 2/29
    11 | D        | Reached XP level 13. HP: 64/114 MP: 2/30
    11 | D        | Killed a bag of meat
    11 | D        | Reached ** piety under Makhleb
    11 | D        | Killed a meat berserker
    12 | D        | Reached skill level 15 in Evocations
    12 | D        | Reached XP level 14. HP: 96/125 MP: 2/32
    13 | D        | Killed a bag of meat
    13 | D        | Noticed a meat berserker
    14 | D        | Reached skill level 15 in Axes
    14 | D        | Reached skill level 15 in Armour
    14 | D        | Reached skill level 15 in Dodging
    14 | D        | Reached skill level 15 in Spellcasting
    15 | D        | Killed a meat berserker
    15 | D        | Reached *** piety under Makhleb
    15 | D        | Noticed a meat berserker
    16 | D        | Reached XP level 15. HP: 131/134 MP: 3/34
    17 | D        | Noticed a meat berserker
    17 | D        | Noticed a meat berserker
    18 | D        | Killed a meat berserker
    18 | D        | Noticed a destroyer
    19 | D        | Killed a destroyer
    19 | D        | Reached **** piety under Makhleb
    19 | D        | Noticed a large bag of meat
    20 | D        | Gained mutation: Your magical and physical power is
                  | slightly enhanced at high health. [demonic ancestry]
    20 | D        | Reached XP level 16. HP: 147/147 MP: 4/38
    20 | D        | Noticed a meat berserker
    20 | D        | Noticed a meat berserker
    21 | D        | Killed a meat berserker
    21 | D        | Killed a large bag of meat
    22 | D        | Noticed a destroyer
    23 | D        | Killed a meat berserker
    24 | D        | Gained mutation: You regenerate a lot of health from kills.
                  | [demonic ancestry]
    24 | D        | Reached XP level 17. HP: 153/159 MP: 5/40
    24 | D        | Killed a destroyer
    24 | D        | Reached ***** piety under Makhleb
    25 | D        | Reached skill level 27 in Invocations
    25 | D        | Killed a meat berserker
    25 | D        | Noticed a destroyer
    25 | D        | Noticed a meat berserker
    25 | D        | Noticed a large bag of meat
    26 | D        | Killed a large bag of meat
    26 | D        | Killed a meat berserker
    26 | D        | Noticed a meat berserker
    27 | D        | Reached XP level 18. HP: 148/175 MP: 6/44
    29 | D        | Killed a destroyer
    29 | D        | Noticed a destroyer
    30 | D        | Noticed a sculptor of flesh
    30 | D        | Killed a meat berserker
    31 | D        | Reached XP level 19. HP: 188/188 MP: 7/47
    31 | D        | Noticed a destroyer
    31 | D        | Killed a meat berserker
    31 | D        | Noticed a large bag of meat
    31 | D        | Noticed an eight-headed meat hydra
    32 | D        | Reached skill level 27 in Fighting
    32 | D        | Reached skill level 27 in Evocations
    33 | D        | Killed a destroyer
    33 | D        | Killed a large bag of meat
    34 | D        | Reached skill level 27 in Axes
    34 | D        | Reached skill level 27 in Armour
    34 | D        | Reached skill level 27 in Dodging
    34 | D        | Reached skill level 27 in Spellcasting
    34 | D        | Reached ****** piety under Makhleb
    34 | D        | Noticed a meat berserker
    36 | D        | Noticed a destroyer
    37 | D        | Reached XP level 20. HP: 180/197 MP: 8/51
    37 | D        | Noticed a meat berserker
    38 | D        | Killed a nine-headed meat hydra
    39 | D        | Reached skill level 5 in Short Blades
    39 | D        | Reached skill level 5 in Long Blades
    39 | D        | Reached skill level 5 in Maces & Flails
    39 | D        | Reached skill level 5 in Polearms
    39 | D        | Reached skill level 5 in Staves
    39 | D        | Reached skill level 5 in Ranged Weapons
    39 | D        | Reached skill level 5 in Throwing
    39 | D        | Reached skill level 5 in Stealth
    39 | D        | Reached skill level 5 in Shields
    39 | D        | Reached skill level 5 in Unarmed Combat
    39 | D        | Reached skill level 5 in Conjurations
    39 | D        | Reached skill level 5 in Hexes
    39 | D        | Reached skill level 5 in Summonings
    39 | D        | Reached skill level 5 in Necromancy
    39 | D        | Reached skill level 5 in Transmutations
    39 | D        | Reached skill level 5 in Fire Magic
    39 | D        | Reached skill level 5 in Ice Magic
    39 | D        | Reached skill level 5 in Earth Magic
    39 | D        | Reached skill level 5 in Poison Magic
    39 | D        | Noticed a meat berserker
    39 | D        | Killed a meat berserker
    39 | D        | Noticed a meat berserker
    40 | D        | Reached skill level 5 in Translocations
    40 | D        | Reached skill level 5 in Air Magic
    41 | D        | Killed a destroyer
    42 | D        | Noticed a meat berserker
    42 | D        | Noticed a meat berserker
    42 | D        | Noticed a meat berserker
    42 | D        | Noticed a meat berserker
    44 | D        | Killed a destroyer
    44 | D        | Killed a meat berserker
    45 | D        | Reached skill level 10 in Stealth
    45 | D        | Reached skill level 10 in Conjurations
    45 | D        | Reached skill level 10 in Hexes
    45 | D        | Reached skill level 10 in Summonings
    45 | D        | Reached skill level 10 in Poison Magic
    45 | D        | Gained mutation: Your magical and physical power is
                  | enhanced at high health. [demonic ancestry]
    45 | D        | Reached XP level 21. HP: 200/204 MP: 10/52
    46 | D        | Reached skill level 10 in Short Blades
    46 | D        | Reached skill level 10 in Long Blades
    46 | D        | Reached skill level 10 in Maces & Flails
    46 | D        | Reached skill level 10 in Polearms
    46 | D        | Reached skill level 10 in Staves
    46 | D        | Reached skill level 10 in Ranged Weapons
    46 | D        | Reached skill level 10 in Throwing
    46 | D        | Reached skill level 10 in Shields
    46 | D        | Reached skill level 10 in Unarmed Combat
    46 | D        | Reached skill level 10 in Translocations
    46 | D        | Reached skill level 10 in Transmutations
    46 | D        | Reached skill level 10 in Fire Magic
    46 | D        | Reached skill level 10 in Ice Magic
    46 | D        | Reached skill level 10 in Air Magic
    46 | D        | Reached skill level 10 in Earth Magic
    47 | D        | Reached XP level 22. HP: 212/212 MP: 11/53
    51 | D        | Reached skill level 15 in Necromancy
    51 | D        | Noticed an accursed
    51 | D        | Killed an accursed
    52 | D        | Reached skill level 15 in Stealth
    52 | D        | Reached skill level 15 in Conjurations
    52 | D        | Reached skill level 15 in Hexes
    52 | D        | Reached skill level 15 in Summonings
    52 | D        | Reached skill level 15 in Poison Magic
    52 | D        | Gained mutation: Spells you cast may paralyse nearby
                  | enemies. [demonic ancestry]
    52 | D        | Reached XP level 23. HP: 219/219 MP: 12/54
    52 | D        | Noticed a destroyer
    52 | D        | Noticed a tyrant
    53 | D        | Noticed an accursed
    55 | D        | Reached skill level 15 in Short Blades
    55 | D        | Reached skill level 15 in Long Blades
    55 | D        | Reached skill level 15 in Maces & Flails
    55 | D        | Reached skill level 15 in Polearms
    55 | D        | Reached skill level 15 in Staves
    55 | D        | Reached skill level 15 in Ranged Weapons
    55 | D        | Reached skill level 15 in Throwing
    55 | D        | Reached skill level 15 in Shields
    55 | D        | Reached skill level 15 in Unarmed Combat
    55 | D        | Reached skill level 15 in Translocations
    55 | D        | Reached skill level 15 in Fire Magic
    55 | D        | Reached skill level 15 in Ice Magic
    55 | D        | Reached skill level 15 in Earth Magic
    55 | D        | Killed a destroyer
    56 | D        | Reached skill level 15 in Transmutations
    56 | D        | Reached skill level 15 in Air Magic
    57 | D        | Killed a tyrant
    58 | D        | Gained mutation: Your magical and physical power is greatly
                  | enhanced at high health. [demonic ancestry]
    58 | D        | Reached XP level 24. HP: 208/227 MP: 14/54
    60 | D        | Killed an accursed
    60 | D        | Noticed a meat beast
    62 | D        | Noticed a meat beast
    62 | D        | Killed a meat beast
    63 | D        | Reached XP level 25. HP: 213/234 MP: 16/54
    63 | D        | Killed a meat beast
    63 | D        | Noticed a meat beast
    64 | D        | Gained mutation: Spells you cast and wands you use may
                  | paralyse nearby enemies. [demonic ancestry]
    64 | D        | Reached XP level 26. HP: 242/242 MP: 16/54
    66 | D        | Killed a meat beast
    67 | D        | Noticed a tyrant
    69 | D        | Noticed a meat beast
    70 | D        | Noticed a meat beast
    71 | D        | Reached XP level 27. HP: 198/249 MP: 19/54
    71 | D        | Noticed a large bag of meat
    72 | D        | Killed a meat beast
    73 | D        | Noticed a destroyer
    75 | D        | Killed a meat beast
    76 | D        | Reached skill level 27 in Necromancy
    77 | D        | Noticed a meat beast
    80 | D        | Killed a meat beast
    80 | D        | Killed a tyrant
    81 | D        | Reached skill level 27 in Stealth
    81 | D        | Reached skill level 27 in Conjurations
    81 | D        | Reached skill level 27 in Hexes
    81 | D        | Reached skill level 27 in Summonings
    81 | D        | Reached skill level 27 in Poison Magic
    82 | D        | Noticed a destroyer
    83 | D        | Killed a destroyer
    83 | D        | Killed a large bag of meat
    87 | D        | Noticed a dread
    88 | D        | Noticed an accursed
    89 | D        | Noticed a dread
    90 | D        | Reached skill level 27 in Ranged Weapons
    90 | D        | Reached skill level 27 in Shields
    90 | D        | Noticed a dread
    91 | D        | Reached skill level 27 in Short Blades
    91 | D        | Reached skill level 27 in Long Blades
    91 | D        | Reached skill level 27 in Maces & Flails
    91 | D        | Reached skill level 27 in Polearms
    91 | D        | Reached skill level 27 in Staves
    91 | D        | Reached skill level 27 in Throwing
    91 | D        | Reached skill level 27 in Unarmed Combat
    91 | D        | Reached skill level 27 in Translocations
    91 | D        | Reached skill level 27 in Transmutations
    91 | D        | Reached skill level 27 in Fire Magic
    91 | D        | Reached skill level 27 in Ice Magic
    91 | D        | Reached skill level 27 in Air Magic
    91 | D        | Reached skill level 27 in Earth Magic
    92 | D        | Noticed an accursed
    93 | D        | Killed a destroyer
    95 | D        | Noticed a tyrant
    95 | D        | HP: 10/249 [??? (8)]
    96 | D        | Noticed a destroyer
    96 | D        | Killed an accursed
    96 | D        | Noticed a destroyer
    97 | D        | Killed from afar by an observer

Illustrated notes

Levels and vault maps discovered:
D:        meatsprint

Skill      XL: |  1  2  3  4  5  6  7  8  9 10 11 12 13 14 15 16 17 18 19 20 21 22 23 24 25 26 27 |
---------------+----------------------------------------------------------------------------------+-----
Fighting       | 10 11 14 16 17 19 21 24 26 27 | 27.0
Axes           | 9 11 13 14 16 18 20 22 24 27 | 27.0
Armour         | 9 10 13 14 15 18 19 22 24 27 | 27.0
Dodging        | 9 11 13 14 16 18 20 22 24 27 | 27.0
Spellcasting   | 9 10 13 14 15 18 19 22 24 27 | 27.0
Invocations    | 12 14 18 20 21 24 26 27 | 27.0
Evocations     | 10 11 14 15 17 19 21 24 26 27 | 27.0
Throwing       | 4 9 11 14 16 18 19 21 27 | 27.0
Short Blades   | 4 9 11 14 16 18 19 21 27 | 27.0
Long Blades    | 4 9 11 14 16 18 19 21 27 | 27.0
Maces & Flails | 4 9 11 14 16 18 19 21 27 | 27.0
Polearms       | 4 9 11 14 16 18 19 21 27 | 27.0
Staves         | 4 9 11 14 16 18 20 21 27 | 27.0
Ranged Weapons | 3 9 11 14 16 18 19 21 27 | 27.0
Stealth        | 4 10 12 15 17 20 21 23 27 | 27.0
Shields        | 4 9 11 14 16 18 20 21 27 | 27.0
Unarmed Combat | 4 9 11 14 16 18 19 21 27 | 27.0
Conjurations   | 4 10 12 15 17 20 21 23 27 | 27.0
Hexes          | 4 10 12 15 17 20 21 23 27 | 27.0
Summonings     | 4 10 12 15 17 20 21 23 27 | 27.0
Necromancy     | 4 11 13 16 19 21 23 25 27 | 27.0
Translocations | 4 9 11 14 16 18 19 21 27 | 27.0
Transmutations | 4 9 11 14 16 18 19 21 27 | 27.0
Fire Magic     | 4 9 11 14 16 18 19 21 27 | 27.0
Ice Magic      | 4 9 11 14 16 18 19 21 27 | 27.0
Air Magic      | 4 9 11 14 16 18 19 21 27 | 27.0
Earth Magic    | 4 9 11 14 16 18 20 21 27 | 27.0
Poison Magic   | 4 10 12 15 17 20 21 23 27 | 27.0

Action                     |  1- 3 |  4- 6 |  7- 9 | 10-12 | 13-15 | 16-18 | 19-21 | 22-24 | 25-27 || total
---------------------------+-------+-------+-------+-------+-------+-------+-------+-------+-------++-------
  Melee: Executioner's axe |     1 |       |       |     2 |     6 |     7 |    12 |    13 |    26 ||    67
 Invoke: Greater Servant o |       |       |       |       |       |     1 |     4 |     3 |     8 ||    16
   Stab: Distracted        |       |       |       |       |       |       |       |       |     1 ||     1
  Dodge: Dodged            |     1 |       |       |       |       |       |       |     4 |     3 ||     8
